Description

Macro opener for ZvP form Lambo. I found the QLASH build order on here didn't make sense for the timings so I took from Lambo's youtube video: https://www.youtube.com/watch?v=DNGTdVaLKCA

VOD

https://www.youtube.com/watch?v=DNGTdVaLKCA

Replay - 2021-02-09 - (Z)Lambo VS (P)SKillous (1)

Build Order

Get SALT Encoding   

  12  0:00  Drone  
  13  0:12  Overlord  
  13  0:16  Drone  
  14  0:30  Drone x2  
  16  0:48  Hatchery  
  15  0:51  Drone x2  
  17  0:59  Drone  
  18  1:09  Extractor  
  17  1:14  Spawning Pool  
  17  1:16  Drone x2  
  18  1:29  Drone  
  20  1:52  Overlord  
  20  2:00  Queen x2  
  25  2:01  Zergling x4  
  26  2:14  Metabolic Boost  
  32  2:38  Hatchery  
  32  2:45  Overlord  
  32  2:52  Queen  
  36  3:05  Overlord  
  36  3:06  Queen  
  43  3:23  Overlord  
  44  3:29  Queen  
Spawning Tool Build Advisor. Get it on Overwolf

Go to:

Details

  • Created by: bango
  • Published on: Oct 19, 2023
  • Modified on: Oct 19, 2023
  • Patch: 5.0.11
  • Difficulty: Hard
Show
View Real Time Build Order
Export as new Build Order

Comments (0)

There are no comments. Be the first!

Create an account to comment!